 Dungeon Crawl Stone Soup version 0.30-a0-772-g5528072125 (webtiles) character file.

Game seed: 13822487910423683139

147 croobank the Chiller (level 4, -10/33 HPs)
             Began as a Demigod Ice Elementalist on Feb 12, 2023.
             Killed by divine providence
             ... invoked by an orc priest
              (12 damage)
             ... on level 3 of the Dungeon.
             The game lasted 00:06:46 (1924 turns).

croobank the Chiller (Demigod Ice Elementalist)     Turns: 1924, Time: 00:06:47

Health: -10/33     AC:  9    Str:  9    XL:     4   Next: 80%
Magic:  5/10       EV: 12    Int: 21    God:
Gold:   138        SH:  0    Dex: 14    Spells: 1/8 levels left

rFire   . . .      SeeInvis .    f - +0 short sword
rCold   . . .      Faith    .    (no shield)
rNeg    . . .      Spirit   .    a - +0 robe
rPois   .          Reflect  .    (no helmet)
rElec   .          Harm     .    (no cloak)
rCorr   .          Rampage  .    (no gloves)
Will    .....                    g - +0 pair of boots
Stlth   ++                       (no amulet)
HPRegen 0.25/turn                (no ring)
MPRegen 0.12/turn                (no ring)

@: ice-armoured, freezing walls
A: high MP 1, forlorn, divine attributes
a: no special abilities


You were on level 3 of the Dungeon.
You visited 1 branch of the dungeon, and saw 3 of its levels.

You collected 138 gold pieces.

Inventory:

Hand Weapons
 f - a +0 short sword (weapon)
 j - a +0 dagger
 k - a +0 spear
 l - a +1 heavy hand axe
 s - a +0 falchion
Missiles
 o - 3 atropa-tipped darts
Armour
 a - a +0 robe (worn)
 g - a +0 pair of boots (worn)
Scrolls
 h - a scroll of blinking {unknown}
 i - a scroll of amnesia {unknown}
 p - a scroll of fog {unknown}
 t - a scroll of fear {unknown}
 v - a scroll of identify {unknown}
 w - a scroll of vulnerability {unknown}
 x - a scroll of brand weapon {unknown}
 y - a scroll of teleportation {unknown}
Potions
 c - a potion of haste
 d - 2 potions of ambrosia {unknown}
 e - a potion of attraction {unknown}
 m - a potion of lignification {unknown}
 n - 2 potions of might {unknown}
 q - 2 potions of brilliance {unknown}
 r - a potion of degeneration {unknown}
 u - a potion of heal wounds {unknown}
 z - a potion of mutation {unknown}
 A - a potion of flight {unknown}


   Skills:
 + Level 2.8 Dodging
 + Level 3.0 Stealth
 + Level 2.6 Spellcasting
 + Level 4.2 Ice Magic


You had one spell level left.
You knew the following spells:

 Your Spells              Type           Power      Damage    Failure   Level
a - Freeze                Ice            80%        1d9       2%          1
b - Frozen Ramparts       Ice            40%        1d7       7%          3
c - Ozocubu's Armour      Ice            20%        N/A       7%          3

Your spell library contained the following spells:

 Spells                   Type           Power      Damage    Failure   Level
 Lesser Beckoning         Tloc           4%         N/A       22%         2
 Gell's Gravitas          Tloc           2%         N/A       38%         3
 Teleport Other           Tloc           2%         N/A       38%         3
 Summon Ice Beast         Ice/Summ       11%        N/A       50%         4


Dungeon Overview and Level Annotations

Branches:
Dungeon (3/15)


Innate Abilities, Weirdness & Mutations

You have an increased reservoir of magic. (+10% MP)
You shall have no god before yourself.
Your divine heritage dramatically boosts your attributes as you level up.


Message History

The orc wizard is almost dead.
The endoplasm quivers.
The orc wizard points at you and mumbles some strange words.
You resist with some effort. Magic courses through your body.
The orc wizard hits you but does no damage.
Casting: Ozocubu's Armour (quite dangerous; 8% risk of failure)
Confirm with . or Enter, or press ? or * to list all spells.
Aiming: Freeze (safe; 2% risk of failure)
Press: ? - help, Shift-Dir - straight line
Okay, then.
Casting: Freeze (safe; 2% risk of failure)
Confirm with . or Enter, or press ? or * to list all spells.
Casting: Frozen Ramparts (quite dangerous; 8% risk of failure)
Press: ? - help, Dir - look around, f - activate The walls around you are covered in ice.
The wall freezes the jackal but does no damage.
The wall freezes the jackal.
The wall freezes the orc.
The wall freezes the orc wizard.
You kill the orc wizard!
The wall freezes the orc but does no damage.
Your Stealth skill increases to level 3!
Casting: Frozen Ramparts (quite dangerous; 7% risk of failure)
Confirm with . or Enter, or press ? or * to list all spells.
Your icy armour thickens.
The wall freezes the jackal but does no damage.
The wall freezes the orc but does no damage.
The orc priest mumbles some strange prayers to Beogh against you.
Beogh smites you!
* * * LOW HITPOINT WARNING * * *
The wall freezes the orc but does no damage.
The orc hits you but does no damage.
You barely miss the orc.
The wall freezes the jackal.
You kill the jackal!
The wall freezes the orc.
You kill the orc!
The wall freezes the orc.
The orc barely misses you.
The orc priest invokes the aid of Beogh against you.
Beogh smites you!
You die...

#...... .... #.....
###....?. #....#
......... #....#
.#....... #
#....###......... #
#....†........... #
#.....#..#.......
#########.......##)o.....
...............†@o.......
.#######.....<..####.....
## #........# #.. #
########## # # #


You could see an orc priest and an orc.

Vanquished Creatures
  An orc priest (D:2)
  An orc wizard (D:3)
  6 adders
  2 dart slugs
  4 orcs
  2 ball pythons
  5 endoplasms
  A giant cockroach (D:1)
  3 goblins (D:1)
  A hobgoblin (D:1)
  A jackal (D:3)
  4 frilled lizards
  3 kobolds
  3 rats
37 creatures vanquished.

Vanquished Creatures (others)
  2 plants (D:1)
2 creatures vanquished.

Grand Total: 39 creatures vanquished

Notes
Turn   | Place    | Note
-------+----------+-------------------------------------------
     0 | D:1      | croobank the Demigod Ice Elementalist began the quest for
                  | the Orb.
     0 | D:1      | Reached XP level 1. HP: 14/14 MP: 5/5
   269 | D:1      | Reached XP level 2. HP: 20/20 MP: 4/7
   893 | D:2      | Reached XP level 3. HP: 25/26 MP: 5/8
   914 | D:2      | Reached skill level 4 in Ice Magic
  1235 | D:1      | Learned a level 3 spell: Frozen Ramparts
  1440 | D:2      | Reached XP level 4. HP: 33/33 MP: 5/10
  1459 | D:2      | Learned a level 3 spell: Ozocubu's Armour
  1923 | D:3      | HP: 1/33 [orc priest/divine providence (10)]
  1924 | D:3      | Killed from afar by an orc priest

Illustrated notes

Levels and vault maps discovered:
D:1:      amcnicky_arrival_flooded_fountain, layout_rooms,
          chequers_serial_rivers_marsh, serial_bayou_pond_c
D:2:      layout_basic
D:3:      layout_rooms

Skill      XL: |  1  2  3  4 |
---------------+-------------+-----
Stealth        | 2 3 |  3.0
Dodging        | 2 |  2.8
Spellcasting   | 2 |  2.6
Ice Magic      | 4 |  4.2

Action                     |  1- 3 |  4- 6 || total
---------------------------+-------+-------++-------
  Melee: Unarmed           |     1 |       ||     1
         Short sword       |    11 |    14 ||    25
   Cast: Freeze            |    39 |     4 ||    43
         Frozen Ramparts   |     2 |     6 ||     8
         Ozocubu's Armour  |       |     6 ||     6
    Use: Potion            |     1 |     1 ||     2
   Stab: Sleeping          |     3 |       ||     3
 Armour: Robe              |     9 |     6 ||    15
  Dodge: Dodged            |    25 |    17 ||    42

Table legend: (Time is in decaauts)
 A = Elapsed time spent in this place.
 B = Non-inter-level travel time spent in this place.
 C = Inter-level travel time spent in this place.
 D = Time resting spent in this place.
 E = Time spent auto-exploring this place.
 F = Levels seen in this place.
 G = Mean time per level.
                   A        B        C        D        E       F      G
               +--------+--------+--------+--------+--------+-----+--------+
         Total |   1919 |   1893 |     26 |    717 |    726 |   3 |  639.7 |
       Dungeon |   1919 |   1893 |     26 |    717 |    726 |   3 |  639.7 |
               +--------+--------+--------+--------+--------+-----+--------+

Top non-repeatable levels by time:
     D:1: 1119 daAuts
     D:2: 560 daAuts
     D:3: 239 daAuts
